 Dungeon Crawl Stone Soup version 0.30-a0-630-g881e3bac89 (webtiles) character file.

Game seed: 7952976652826991500

4 M4edhros the Insei (level 1, -5/11 HPs)
             Began as a Vine Stalker Monk on Jan 13, 2023.
             Slain by a gnoll
             ... wielding a +0 halberd
              (9 damage)
             ... on level 2 of the Dungeon.
             The game lasted 00:00:09 (76 turns).

M4edhros the Insei (Vine Stalker Monk)                Turns: 76, Time: 00:00:09

Health: -5/11      AC:  2    Str: 13    XL:     1   Next: 70%
Magic:  0/2        EV: 12    Int: 10    God:
Gold:   0          SH:  0    Dex: 16    Spells: 0/0 levels left

rFire   . . .      SeeInvis .      - Unarmed
rCold   . . .      Faith    .    (no shield)
rNeg    . . .      Spirit   +    a - +0 robe
rPois   .          Reflect  .    (no helmet)
rElec   .          Harm     .    (no cloak)
rCorr   .          Rampage  .    (no gloves)
Will    .....                    (no boots)
Stlth   ++                       (no amulet)
HPRegen 0.21/turn                (no ring)
MPRegen 0.08/turn                (no ring)

@: no status effects
A: fangs 2, magic shield, antimagic bite, no potion heal 2
a: no special abilities


You were on level 2 of the Dungeon.
You visited 1 branch of the dungeon, and saw 2 of its levels.

Inventory:

Armour
 a - a +0 robe (worn)
Potions
 b - a potion of ambrosia
 c - a potion of might {unknown}
 d - a potion of degeneration {unknown}


   Skills:
 + Level 2.7 Fighting
 + Level 2.4 Dodging
 + Level 2.5 Stealth
 * Level 3.1 Unarmed Combat


You couldn't memorise any spells.
You didn't know any spells.
Your spell library was empty.

Dungeon Overview and Level Annotations

Branches:
Dungeon (2/15)

Altars:


Innate Abilities, Weirdness & Mutations

You have extremely sharp teeth.
When hurt, damage is shared between your health and your magic reserves.
Your bite disrupts and absorbs the magic of your enemies.
Potions cannot restore your health.


Message History

The bat is heavily wounded.
The bat hits you but does no damage. x2
A bat is nearby!
You hit the bat but do no damage.
The bat is heavily wounded.
The bat hits you.
You closely miss the bat. Your bite misses the bat.
The bat is heavily wounded.
The bat hits you but does no damage. The bat hits you.
You hit the bat but do no damage.
The bat is heavily wounded.
The bat barely misses you. The bat hits you but does no damage.
The bat closely misses you.
You barely miss the bat.
The bat is heavily wounded.
The bat barely misses you.
You hit the bat.
You kill the bat!
No target in view!
There is an escape hatch in the floor here.
No target in view!
There is a stone staircase leading down here.
You climb downwards.
The gnoll shouts! x2
Found 21 gold pieces.
There is a stone staircase leading up here.
There are monsters nearby!
You hit the gnoll but do no damage. You bite the gnoll. You drain its power.
You feel invigorated.
The gnoll is moderately wounded.
There are monsters nearby!
There are monsters nearby!
You closely miss the gnoll.
The gnoll is moderately wounded.
The gnoll hits you with a +0 flail!
Ouch! That really hurt!
The gnoll hits you from afar with a +0 halberd!
Ouch! That really hurt!
You die...

### #..
### #.#
....###.#
###.g..g#
.....gg.#
#@#
#.$......
#..######
#...
##.## .#
.# ..


You could see 4 gnolls.

Vanquished Creatures
  2 ball pythons (D:1)
  A bat (D:1)
  A kobold (D:1)
4 creatures vanquished.

Notes
Turn   | Place    | Note
-------+----------+-------------------------------------------
     0 | D:1      | M4edhros the Vine Stalker Monk began the quest for the Orb.
     0 | D:1      | Reached XP level 1. HP: 11/11 MP: 2/2
    76 | D:2      | Slain by a gnoll

Illustrated notes

Levels and vault maps discovered:
D:1:      dpeg_arrival_short_road, layout_basic
D:2:      layout_loops_ring, dreamdust_ecumenical_altar_drowned_temple,
          uniq_natasha

Action                   || total
-------------------------++-------
Melee: Unarmed           ||    14
       Bite              ||     3
 Stab: Sleeping          ||     1
Armor: Robe              ||     4
Dodge: Dodged            ||     6

Table legend: (Time is in decaauts)
 A = Elapsed time spent in this place.
 B = Non-inter-level travel time spent in this place.
 C = Inter-level travel time spent in this place.
 D = Time resting spent in this place.
 E = Time spent auto-exploring this place.
 F = Levels seen in this place.
 G = Mean time per level.
                   A        B        C        D        E       F      G
               +--------+--------+--------+--------+--------+-----+--------+
         Total |     75 |     75 |      0 |      0 |     37 |   2 |   37.5 |
       Dungeon |     75 |     75 |      0 |      0 |     37 |   2 |   37.5 |
               +--------+--------+--------+--------+--------+-----+--------+

Top non-repeatable levels by time:
     D:1: 73 daAuts
     D:2: 1 daAuts
